Map: Scythe of Amon

Players

monk

  • Race: Terran Terran
  • Spawn Location: 5:00

XxMaximusxX

  • Race: Terran Terran
  • Spawn Location: 5:00

VOD

Have the link to the VOD?

Description

Time

  • Played on: Aug. 13, 2017, 11:53 p.m.
  • Length: 21:53
Show
View Real Time Build Order
Export as new Build Order

monk Terran 

Build Orders:  

Get SALT Encoding   

  12  0:03  SCV  
  13  0:20  SCV  
  13  0:26  Refinery  
  14  0:37  SCV  
  15  0:42  Refinery  
  15  0:53  SCV  
  16  1:07  Barracks  
  16  1:16  SCV  
  17  1:33  SCV  
  18  1:40  Engineering Bay  
  18  1:50  SCV  
  19  2:07  SCV  
  20  2:16  Factory  
  20  2:20  Terran Infantry Weapons Level 1  
  20  2:21  Barracks Tech Lab  
  20  2:24  SCV  
  21  2:41  SCV  
  21  2:48  Super Stimpack  
  22  2:58  SCV  
  23  3:15  SCV  
  24  3:21  Starport  
  24  3:32  SCV  
  24  3:33  Laser Targeting System  
  25  3:49  SCV  
  26  4:06  SCV  
  27  4:10  Elite Marine  
  31  4:23  SCV  
  32  4:39  SCV  
  33  4:56  SCV  
  33  4:59  Refinery  
  34  5:13  Command Center, SCV  
  34  5:14  Refinery  
  35  5:22  Factory Tech Lab  
  35  5:23  Starport Tech Lab  
  35  5:30  SCV  
  36  5:42  Armory  
  36  5:47  SCV  
  37  6:04  SCV  
  38  6:13  Ares-Class Targeting System  
  38  6:15  Raid Artillery  
  38  6:21  SCV  
  39  6:38  SCV  
  40  6:45  Covert Triage, Defensive Drone  
  40  6:55  SCV  
  40  6:59  SCV  
  41  7:21  Strike Goliath  
  47  7:33  Defensive Drone  
  46  7:44  Tactical Airlift  
  45  7:51  Raven Type-II  
  47  8:03  SCV x2  
  47  8:05  Terran Vehicle and Ship Weapons Level 1, Terran Infantry Weapons Level 2  
  49  8:19  SCV, Enhanced Manufacturing  
  49  8:24  Railgun Turret  
  50  8:45  Elite Marine  
  54  8:58  Railgun Turret  
  54  9:04  Smart Servos  
  54  9:10  Raid Liberator  
  60  9:45  Tactical Airlift  
  60  10:05  Strike Goliath  
  60  10:07  Lockdown Missiles  
  66  10:21  Raven Type-II  
  68  10:42  Defensive Drone  
  68  10:59  Hellbat Rangers  
  70  11:16  Terran Infantry Weapons Level 3  
  70  11:19  Terran Vehicle and Ship Weapons Level 2  
  70  12:01  Instant Regeneration  
  70  12:15  Railgun Turret  
  70  12:17  Railgun Turret  
  70  12:30  Railgun Turret  
  70  12:31  Railgun Turret  
  70  12:37  Elite Marine  
  70  12:38  Hellbat Rangers  
  78  13:18  Railgun Turret  
  78  13:19  Railgun Turret x2  
  78  13:26  Defensive Drone  
  75  13:33  Raid Liberator  
  81  13:44  Strike Goliath  
  87  13:51  Defensive Drone  
  87  13:56  Railgun Turret x2  
  87  13:57  Railgun Turret  
  87  14:12  Raven Type-II  
  87  14:16  Railgun Turret x3  
  88  14:28  Railgun Turret  
  88  14:41  Terran Vehicle and Ship Weapons Level 3  
  88  14:46  Defensive Drone  
  84  15:35  Terran Infantry Armor Level 1  
  84  15:52  Railgun Turret  
  84  15:53  Railgun Turret x2  
  84  15:55  Defensive Drone  
  82  16:05  Railgun Turret  
  82  16:22  Hellbat Rangers  
  86  16:33  Tactical Airlift  
  86  16:51  Griffin Airstrike  
  86  16:54  Defensive Drone  
  83  17:18  Elite Marine  
  87  17:22  Raid Liberator  
  93  17:33  Defensive Drone  
  93  17:46  Defensive Drone  
  93  17:56  Railgun Turret  
  93  17:57  Railgun Turret x3  
  93  18:05  Defensive Drone  
  87  18:17  Strike Goliath  
  89  18:30  Hellbat Rangers  
  93  18:54  Defensive Drone  
  93  19:07  Railgun Turret x2  
  93  19:08  Railgun Turret  
  93  19:17  Raven Type-II  
  95  19:44  Defensive Drone  
  95  19:47  Railgun Turret x3  
  95  20:01  Defensive Drone  
  95  20:24  Griffin Airstrike  
  90  20:35  Railgun Turret x2  
  90  20:36  Railgun Turret  
  90  20:38  Railgun Turret x2  
  83  20:40  Raid Liberator  
  83  20:46  Railgun Turret x2  
  79  20:58  Railgun Turret  
  79  21:04  Instant Regeneration  
  79  21:06  Railgun Turret x2  
  71  21:21  Railgun Turret  
  71  21:26  Griffin Airstrike  
Show
View Real Time Build Order
Export as new Build Order

XxMaximusxX Terran 

Build Orders:  

Get SALT Encoding   

  11  1:22  Command Center  
Tags
 
Commander
NovaRaynor
Matchup
Co-op
Replay Pack
Co-op Speedrun
Add a new tag
Caveats
  • Supply blocks, unpowered buildings, or Contaminate may cause inaccurate times.
  • Supply counts are checked every 10 seconds.